 Dungeon Sprint DCSS version 0.17-a0-1248-g117de50 (webtiles) character file.

41148 Kidiri the Imperceptible (level 13, -4/64 HPs)
             Began as a Spriggan Assassin on June 5, 2015.
             Was the Champion of Dithmenos.
             Slain by an electric golem (17 damage)
             ... in the Dungeon (Sprint II: "The Violet Keep of Menkaure").
             The game lasted 01:00:39 (4274 turns).

Kidiri the Imperceptible (Spriggan Assassin)        Turns: 4274, Time: 01:00:41

Health: -4/64      AC:  7    Str: 13    XL:     13   Next: 78%
Magic:  36/36      EV: 38    Int: 12    God:    Dithmenos [******]
Gold:   520        SH:  0    Dex: 21    Spells: 7 memorised, 16 levels left

rFire  . . .     SeeInvis +     K - +6 rapier (elec)
rCold  . . .     Clarity  .     c - +0 robe
rNeg   . . .     SustAt   +     (shield restricted)
rPois  +         Gourm    .     (helmet restricted)
rElec  .         Spirit   .     o - +2 cloak "Haenuf" {rPois MR+ MP+9 Slay+3}
rCorr  +         Warding  .     (gloves unavailable)
rMut   .         NoTele   +     (boots unavailable)
MR     +++..                    n - amulet "Vuiguaz" {rCorr +Inv SInv Stlth+}
Stlth  ++++++++++               r - +6 ring of strength
                                y - ring of sustain attributes

@: very slightly contaminated, wreathed by umbra, invisible, very quick,
extremely resistant to hostile enchantments, uncannily stealthy
A: unfitting armour, slimy green scales 1, see invisible, clumsy 1, herbivore 3,
speed 3, frail 1, slow metabolism 2, subdued magic 1
a: Shadow Step, Shadow Form, Renounce Religion, Turn Visible


You were in the Dungeon.
You worshipped Dithmenos.
Dithmenos was exalted by your worship.
You were hungry.

You visited 1 branch You collected 3584 gold pieces.
You spent 3064 gold pieces at shops.

Inventory:

Hand weapons
 f - a +0 arbalest
 B - the +4 rapier of Departure {pierce, *Noise MR+ Int+6 Dex+2}
   (You bought it in a shop in the Dungeon)

   It inflicts extra damage upon your enemies.
   It affects your intelligence (+6).
   It affects your dexterity (+2).
   It affects your resistance to hostile enchantments.
   It may make noises in combat.
 F - a +4 blowgun
 K - a +6 rapier of electrocution (weapon)
 M - a +4 rapier of holy wrath
Missiles
 e - 21 poisoned needles
 m - 6 curare-tipped needles
 p - 23 bolts
 I - 3 needles of confusion
Armour
 c - a +0 robe (worn)
 o - the +2 cloak "Haenuf" (worn) {rPois MR+ MP+9 Slay+3}
   (You bought it in a shop in the Dungeon)

   It affects your accuracy and damage with ranged weapons and melee attacks
   (+3).
   It protects you from poison.
   It affects your resistance to hostile enchantments.
   It affects your magic capacity (+9).
Jewellery
 n - the amulet "Vuiguaz" (around neck) {rCorr +Inv SInv Stlth+}
   (You bought it in a shop in the Dungeon)

   [amulet of resist corrosion]

   It protects you from acid and corrosion.
   It lets you see invisible.
   It lets you turn invisible.
   It makes you more stealthy.
 r - a +6 ring of strength (right hand)
 t - an uncursed ring of flight
 y - a ring of sustain attributes (left hand)
Scrolls
 s - a scroll of fear {unknown}
 w - 2 scrolls of fog
 x - 4 scrolls of remove curse
 G - a scroll of amnesia {unknown}
 J - a scroll of immolation {unknown}
Potions
 h - 17 potions of curing
 i - 3 potions of heal wounds
 j - 3 potions of haste
 k - 14 potions of magic
 l - a potion of berserk rage
 v - 2 potions of might
 z - a potion of brilliance
 A - 3 potions of resistance
 C - 9 potions of flight
 D - a potion of agility
 E - a potion of experience {unknown}
 H - a potion of cancellation
Books
 u - a book of Maledictions

   Spells                             Type                      Level
   a - Corona                         Hexes                        1
   b - Ensorcelled Hibernation        Hexes/Ice                    2
   c - Confuse                        Hexes                        3
   d - Tukima's Dance                 Hexes                        3
   e - Dazzling Spray                 Conjuration/Hexes            3
 L - a book of Party Tricks

   Spells                             Type                      Level
   a - Summon Butterflies             Summoning                    1
   b - Apportation                    Translocation                1
   c - Tukima's Dance                 Hexes                        3
   d - Alistair's Intoxication        Transmutation/Poison         4
   e - Invisibility                   Hexes                        6
Comestibles
 g - 7 bread rations
 q - 2 slices of pizza


   Skills:
 + Level 10.2 Fighting
 * Level 17.3 Short Blades
 + Level 12.9 Throwing
 * Level 21.4 Dodging
 * Level 23.2 Stealth
 + Level 9.4 Spellcasting
 + Level 5.9 Conjurations
 + Level 9.2 Hexes
 + Level 6.4 Ice Magic
 + Level 8.7 Invocations
 + Level 13.2 Evocations


You had 16 spell levels left.
You knew the following spells:

 Your Spells              Type           Power        Failure   Level  Hunger
a - Corona                Hex            ###....      1%          1    None
b - Ensorcelled Hibernat  Hex/Ice        ###...       1%          2    None
c - Confuse               Hex            ###.....     1%          3    ##.....
d - Dazzling Spray        Conj/Hex       ###.....     1%          3    ##.....
e - Tukima's Dance        Hex            ###.....     1%          3    ##.....
f - Apportation           Tloc           #.........   7%          1    None
g - Summon Butterflies    Summ           #.......     7%          1    None


Dungeon Overview and Level Annotations

Branches:
Dungeon (1/1)

Altars:
Cheibriados
Dithmenos
Elyvilon
Fedhas
Gozag
Kikubaaqudgha
Makhleb
Nemelex Xobeh
Okawaru
Qazlal
Ru
Sif Muna
Trog
Vehumet
Xom
Yredelemnul
Zin
The Shining One
Beogh
Jiyva
Lugonu

Shops:
D :(:!::[=}!(![*%(?=(?(![%!=[:

Annotations:
D exclusions: obsidian statue and oklob plant, Roxanne


Innate Abilities, Weirdness & Mutations

You are tiny and cannot use many weapons and most armour.
You have supernaturally acute eyesight.
You are a herbivore.
You cover ground extremely quickly.
You need consume almost no food.
You are partially covered in slimy green scales (AC +2).
You are clumsy. (Dex -2)
You are frail (-10% HP).
Your spells are a little easier to cast, but a little less powerful.


Message History

Okay, then.
You hit the electric golem.
The electric golem is heavily damaged.
Your shadow misses the electric golem.
The electric golem hurls lightning at you.
The bolt of lightning misses you. x2
The bolt of lightning hits the electric golem.
The electric golem completely resists.
The bolt of lightning misses the electric golem.
You puncture the electric golem!
The electric golem is heavily damaged.
Your shadow misses the electric golem.
The electric golem blinks!
The toenail golem completely misses you.
You hit the electric golem.
The electric golem is heavily damaged.
The electric golem hits you! The electric golem shocks you!
You emit a cloud of dark smoke.
The electric golem hits you!
* * * LOW HITPOINT WARNING * * *
You emit a cloud of dark smoke.
The electric golem shocks you!
You die...

###### ******** #...|#
*****************
,∩+,+,,###....##▓,,,,,+,,,+,,**,,
***,***#..%....(▓,,,,,*,,,*,**,,*
###+####........▓,,,,,*,▓▓▓,**,,*
§;§§;§;##⌠.%[%#§▓▓*,,,*,..▓,**,,*
§§;§;§;§##....#8§▓▓▓+▓▓▓▓.▓,*,,,*
§≈§§§;§§§##''##§@§+.§§▓0..▓,,,,,*
≈§§§§§§§##≈...###8#§§.▓▓▓▓▓▓▓▓▓▓*
§;§§§§;##)≈(...(#.#§..▓§§≈≈≈§§§▓▓
+++#+++#####(...#.##[§▓▓▓▓▓▓▓▓▓▓▓
........#).'....#..#§}▓(.......▓▓
≈##'##..#(.####%#..#|"▓..).%)..▓▓
##.#.##.####..+.##.#)§▓%[..(..[▓▓
#..#..#....#..#...####▓..)...).▓▓
###.#####..#####..##.#▓.[....[.▓▓


You could see an electric golem and a toenail golem.

Vanquished Creatures
  A golden dragon (D)
  A bone dragon (D)
  A hellephant (D)
  A deep elf blademaster (D)
  A deep elf master archer (D)
  2 sphinxes (D)
  2 krakens (D)
  Kirke (D)
  A storm dragon (D)
  A frost giant (D)
  A cacodemon (D)
  A draconian shifter (D)
  A crystal guardian (D)
  A fire dragon (D)
  A deep elf high priest (D)
  A great orb of eyes (D)
  An iron elemental (D)
  A death yak (D)
  2 hell hogs (D)
  An iron golem (D)
  Sonja (D)
  A skeletal warrior (D)
  A giant orange brain (D)
  2 unseen horrors (D)
  2 deep trolls (D)
  2 death drakes (D)
  A harpy (D)
  3 shining eyes (D)
  An elephant (D)
  2 spiny frogs (D)
  An eye of devastation (D)
  A yaktaur (D)
  3 polar bears (D)
  2 slime creatures (D)
  6 flying skulls (D)
  Menkaure (D)
  5 hippogriffs (D)
  3 soldier ants (D)
  2 swamp drakes (D)
  A wasp (D)
  3 black bears (D)
  A necrophage (D)
  3 crocodiles (D)
  4 brain worms (D)
  2 earth elementals (D)
  An iron imp (D)
  4 worker ants (D)
  A hell rat (D)
  A spectral adder (D)
  3 worms (D)
  A spectral giant gecko (D)
88 creatures vanquished.

Vanquished Creatures (others)
  A yaktaur captain (D)
  A centaur warrior (D)
  A kobold demonologist (D)
  2 wyverns (D)
  A crocodile (D)
  27 tentacles (D)
  151 tentacle segments (D)
184 creatures vanquished.

Grand Total: 272 creatures vanquished

Notes
Turn   | Place    | Note
--------------------------------------------------------------
     0 | D        | Kidiri the Spriggan Assassin began the quest for the Orb.
     0 | D        | Reached XP level 1. HP: 10/10 MP: 2/2
     1 | D        | Noticed a worker ant
     1 | D        | Noticed a worker ant
     3 | D        | Noticed a worker ant
     3 | D        | Noticed a worker ant
     4 | D        | Killed a worker ant
     4 | D        | Reached skill level 7 in Stealth
     4 | D        | Reached XP level 2. HP: 13/15 MP: 3/3
     6 | D        | Killed a worker ant
     6 | D        | Reached skill level 5 in Dodging
     6 | D        | Reached XP level 3. HP: 15/19 MP: 4/4
    25 | D        | Killed a worker ant
    25 | D        | Reached skill level 8 in Stealth
    25 | D        | Reached XP level 4. HP: 10/23 MP: 5/5
    29 | D        | Killed a worker ant
    29 | D        | Reached skill level 5 in Short Blades
    29 | D        | Reached skill level 9 in Stealth
    80 | D        | Noticed Menkaure
    80 | D        | Noticed an electric eel
    83 | D        | Killed Menkaure
    84 | D        | Noticed an electric eel
   198 | D        | Noticed a hippogriff
   198 | D        | Noticed a hippogriff
   201 | D        | Killed a hippogriff
   201 | D        | Reached skill level 10 in Stealth
   201 | D        | Reached XP level 5. HP: 27/29 MP: 6/6
   506 | D        | Noticed a brain worm
   506 | D        | Noticed a brain worm
   506 | D        | Noticed a brain worm
   506 | D        | Noticed a brain worm
   508 | D        | Killed a brain worm
   508 | D        | Reached skill level 5 in Throwing
   508 | D        | Reached skill level 11 in Stealth
   508 | D        | Reached XP level 6. HP: 33/33 MP: 7/7
   510 | D        | Killed a brain worm
   511 | D        | Killed a brain worm
   511 | D        | Reached skill level 10 in Dodging
   511 | D        | Reached skill level 12 in Stealth
   520 | D        | Killed a brain worm
   583 | D        | Killed a hippogriff
   583 | D        | Reached skill level 13 in Stealth
   583 | D        | Reached XP level 7. HP: 36/38 MP: 8/8
   588 | D        | Found Qiofavae's Book Shop.
   589 | D        | Found Pistifef's Distillery.
   589 | D        | Found Giuxu's Food Shop.
   589 | D        | Found Gioxeyr's Assorted Antiques.
   589 | D        | Found Diun's Antique Weapon Boutique.
   589 | D        | Found Puoj's Antique Armour Shop.
   589 | D        | Found Etuwu's Jewellery Shop.
   589 | D        | Found Veosmim's Antique Armour Shop.
   589 | D        | Found Waef's Distillery.
   589 | D        | Found Kialyng's Jewellery Shop.
   589 | D        | Found Mydy's Magic Scroll Boutique.
   593 | D        | Found Jamack's Gadget Shop.
   593 | D        | Found Omnionn's Jewellery Boutique.
   594 | D        | Found Dinit's Armour Boutique.
   594 | D        | Found Jota Dash's Magic Scroll Shop.
   594 | D        | Noticed a polar bear
   595 | D        | Noticed a kraken
   595 | D        | Noticed a polar bear
   595 | D        | Noticed an oklob plant
   601 | D        | Found Qiqopeti's Book Shoppe.
   603 | D        | Noticed a griffon
   604 | D        | Noticed a griffon
   605 | D        | Noticed a griffon
   614 | D        | Noticed an ice dragon
   649 | D        | Bought the amulet "Vuiguaz" {rCorr +Inv SInv Stlth+} for 574 gold pieces
   682 | D        | Bought a polished cloak for 275 gold pieces
   692 | D        | Identified the +2 cloak "Haenuf" {rPois MR+ MP+9 Slay+3} (You bought it in a shop in the Dungeon)
   700 | D        | Bought a potion of heal wounds for 70 gold pieces
   700 | D        | Bought a potion of curing for 42 gold pieces
   719 | D        | Noticed an obsidian statue
   737 | D        | Noticed a hell rat
   742 | D        | Killed a hell rat
   761 | D        | Noticed a kraken
   777 | D        | Found an iron altar of Okawaru.
   777 | D        | Found a roughly hewn altar of Beogh.
   778 | D        | Found a blossoming altar of Fedhas.
   778 | D        | Found a radiant altar of Vehumet.
   779 | D        | Found a burning altar of Makhleb.
   779 | D        | Found a sparkling altar of Nemelex Xobeh.
   779 | D        | Found a glowing silver altar of Zin.
   780 | D        | Found a basalt altar of Yredelemnul.
   780 | D        | Found a white marble altar of Elyvilon.
   780 | D        | Found a shadowy altar of Dithmenos.
   781 | D        | Found a bloodstained altar of Trog.
   781 | D        | Found an opulent altar of Gozag.
   781 | D        | Found a snail-covered altar of Cheibriados.
   781 | D        | Found a sacrificial altar of Ru.
  1076 | D        | Found a glowing golden altar of the Shining One.
  1076 | D        | Found a stormy altar of Qazlal.
  1079 | D        | Found a corrupted altar of Lugonu.
  1079 | D        | Noticed a polar bear
  1086 | D        | Killed a kraken
  1086 | D        | Reached skill level 15 in Stealth
  1086 | D        | Reached skill level 5 in Evocations
  1086 | D        | Reached XP level 8. HP: 41/44 MP: 12/12
  1168 | D        | Noticed an electric eel
  1168 | D        | Noticed an electric eel
  1168 | D        | Noticed an electric eel
  1168 | D        | Noticed an electric eel
  1168 | D        | Noticed an electric eel
  1168 | D        | Noticed an electric eel
  1172 | D        | Noticed Kirke
  1172 | D        | Noticed a yaktaur captain
  1172 | D        | Noticed a kobold demonologist
  1177 | D        | Noticed a centaur warrior
  1303 | D        | Found a shimmering altar of Xom.
  1304 | D        | Found a deep blue altar of Sif Muna.
  1305 | D        | Noticed a yaktaur
  1305 | D        | Noticed a wasp
  1306 | D        | Noticed a polar bear
  1309 | D        | Killed a polar bear
  1309 | D        | Reached XP level 9. HP: 46/48 MP: 14/14
  1310 | D        | Noticed a crocodile
  1317 | D        | Noticed a crocodile
  1326 | D        | Killed a wasp
  1333 | D        | Killed a crocodile
  1338 | D        | Killed a yaktaur
  1338 | D        | Reached skill level 16 in Stealth
  1388 | D        | Killed a centaur warrior
  1433 | D        | Killed a yaktaur captain
  1490 | D        | Noticed a polar bear
  1497 | D        | Noticed a crocodile
  1530 | D        | Killed a kobold demonologist
  1621 | D        | Killed a wyvern
  1670 | D        | Killed a wyvern
  1711 | D        | Killed a polar bear
  1713 | D        | Killed a polar bear
  1818 | D        | Noticed an elephant
  1839 | D        | Killed an elephant
  1981 | D        | Noticed a harpy
  1986 | D        | Noticed a lindwurm
  1986 | D        | Noticed a harpy
  2056 | D        | Noticed a manticore
  2064 | D        | Killed Kirke
  2064 | D        | Reached skill level 15 in Dodging
  2064 | D        | Reached skill level 17 in Stealth
  2064 | D        | Reached XP level 10. HP: 41/55 MP: 16/16
  2086 | D        | Gained mutation: Your spells are a little easier to cast, but a little less powerful. [mutagenic glow]
  2186 | D        | Found an ancient bone altar of Kikubaaqudgha.
  2187 | D        | Found a viscous altar of Jiyva.
  2192 | D        | Noticed Roxanne
  2196 | D        | Became a worshipper of Dithmenos the Shadowed
  2213 | D        | Noticed a death drake
  2213 | D        | Noticed a swamp drake
  2218 | D        | Noticed a death drake
  2218 | D        | Noticed a crystal guardian
  2218 | D        | Noticed a swamp drake
  2219 | D        | Killed a swamp drake
  2221 | D        | Killed a crystal guardian
  2221 | D        | Reached skill level 1 in Invocations
  2222 | D        | Killed a death drake
  2222 | D        | Reached skill level 18 in Stealth
  2223 | D        | Killed a swamp drake
  2225 | D        | Killed a death drake
  2239 | D        | Noticed a spiny frog
  2239 | D        | Noticed a spiny frog
  2241 | D        | Killed a spiny frog
  2241 | D        | Acquired Dithmenos's first power
  2243 | D        | Killed a spiny frog
  2255 | D        | Noticed a death yak
  2257 | D        | Killed a death yak
  2257 | D        | Reached skill level 10 in Throwing
  2320 | D        | Bought a book of Maledictions for 250 gold pieces
  2322 | D        | Learned a level 1 spell: Corona
  2325 | D        | Learned a level 2 spell: Ensorcelled Hibernation
  2329 | D        | Learned a level 3 spell: Confuse
  2333 | D        | Learned a level 3 spell: Dazzling Spray
  2345 | D        | Noticed an electric eel
  2352 | D        | Noticed a skeletal warrior
  2388 | D        | Noticed a deep elf master archer
  2495 | D        | Noticed a fire dragon
  2497 | D        | Killed a fire dragon
  2497 | D        | Reached skill level 19 in Stealth
  2497 | D        | Reached skill level 1 in Spellcasting
  2497 | D        | Reached skill level 1 in Hexes
  2497 | D        | Reached XP level 11. HP: 60/60 MP: 19/19
  2517 | D        | HP: 3/60 [deep elf master archer/arrow (18)]
  2676 | D        | Killed a skeletal warrior
  2676 | D        | Acquired Dithmenos's second power
  2676 | D        | Reached skill level 1 in Conjurations
  2676 | D        | Reached skill level 1 in Ice Magic
  2809 | D        | Killed a deep elf master archer
  2809 | D        | Reached skill level 10 in Evocations
  2843 | D        | Noticed Sonja
  2843 | D        | Noticed a hellephant
  2851 | D        | Noticed a giant orange brain
  2851 | D        | Noticed a red draconian shifter
  2852 | D        | Killed a red draconian shifter
  2854 | D        | Killed a hellephant
  2854 | D        | Acquired Dithmenos's third power
  2854 | D        | Reached skill level 20 in Stealth
  2854 | D        | Reached skill level 5 in Invocations
  2856 | D        | Killed a giant orange brain
  2858 | D        | Killed Sonja
  2896 | D        | Noticed a deep elf blademaster
  2900 | D        | Noticed an eye of devastation
  2900 | D        | Noticed a harpy
  2902 | D        | Killed a deep elf blademaster
  2902 | D        | Reached skill level 15 in Short Blades
  2902 | D        | Reached skill level 5 in Spellcasting
  2902 | D        | Reached skill level 5 in Hexes
  2902 | D        | Reached XP level 12. HP: 65/65 MP: 21/21
  2904 | D        | Killed an eye of devastation
  2906 | D        | Killed a harpy
  2990 | D        | Noticed a flying skull
  2990 | D        | Noticed a flying skull
  2990 | D        | Noticed a flying skull
  2990 | D        | Noticed a flying skull
  3012 | D        | Killed a flying skull
  3012 | D        | Acquired Dithmenos's fourth power
  3018 | D        | Killed a flying skull
  3066 | D        | Killed a flying skull
  3068 | D        | Noticed a flying skull
  3069 | D        | Killed a flying skull
  3071 | D        | Noticed a flying skull
  3100 | D        | Killed a flying skull
  3126 | D        | Killed a flying skull
  3323 | D        | Noticed an ice statue
  3404 | D        | Killed a crocodile
  3409 | D        | Killed a crocodile
  3419 | D        | Noticed a crocodile
  3446 | D        | Killed a crocodile
  3540 | D        | Noticed a deep troll
  3541 | D        | Noticed a deep troll
  3542 | D        | Killed a deep troll
  3544 | D        | Killed a deep troll
  3566 | D        | Noticed a sphinx
  3566 | D        | Noticed a sphinx
  3569 | D        | Killed a sphinx
  3569 | D        | Reached skill level 21 in Stealth
  3570 | D        | Killed a sphinx
  3648 | D        | Bought a potion of curing for 42 gold pieces
  3648 | D        | Bought a potion of curing for 42 gold pieces
  3648 | D        | Bought a potion of curing for 42 gold pieces
  3648 | D        | Bought a potion of curing for 42 gold pieces
  3648 | D        | Bought a potion of curing for 42 gold pieces
  3652 | D        | Bought a scroll of identify for 22 gold pieces
  3652 | D        | Bought a scroll of enchant weapon for 82 gold pieces
  3652 | D        | Bought a scroll of fog for 22 gold pieces
  3652 | D        | Bought a scroll of remove curse for 33 gold pieces
  3670 | D        | Bought a slice of pizza for 15 gold pieces
  3670 | D        | Bought a slice of pizza for 15 gold pieces
  3670 | D        | Bought a bread ration for 50 gold pieces
  3670 | D        | Bought a bread ration for 50 gold pieces
  3670 | D        | Bought a bread ration for 50 gold pieces
  3686 | D        | Bought a potion of curing for 42 gold pieces
  3686 | D        | Bought a potion of haste for 140 gold pieces
  3686 | D        | Bought a potion of curing for 42 gold pieces
  3686 | D        | Bought a potion of curing for 42 gold pieces
  3690 | D        | Bought a +6 ring of strength for 585 gold pieces
  3738 | D        | Killed a kraken
  3742 | D        | Noticed a golden dragon
  3743 | D        | Noticed a bone dragon
  3743 | D        | Noticed a cacodemon
  3744 | D        | Noticed a frost giant
  3744 | D        | Noticed a deep elf high priest
  3744 | D        | Noticed a storm dragon
  3745 | D        | Killed a golden dragon
  3745 | D        | Reached skill level 5 in Ice Magic
  3745 | D        | Reached XP level 13. HP: 68/70 MP: 25/25
  3747 | D        | Killed a bone dragon
  3747 | D        | Reached skill level 22 in Stealth
  3747 | D        | Reached skill level 5 in Conjurations
  3748 | D        | Killed a cacodemon
  3750 | D        | Killed a storm dragon
  3751 | D        | Killed a deep elf high priest
  3767 | D        | Killed a frost giant
  3767 | D        | Reached skill level 10 in Fighting
  3895 | D        | Noticed an iron imp
  3895 | D        | Noticed a necrophage
  3897 | D        | Killed a necrophage
  3899 | D        | Killed an iron imp
  3906 | D        | Noticed a soldier ant
  3906 | D        | Noticed a soldier ant
  3906 | D        | Noticed a soldier ant
  3908 | D        | Killed a soldier ant
  3909 | D        | Killed a soldier ant
  3911 | D        | Killed a soldier ant
  3915 | D        | Noticed an iron elemental
  3915 | D        | Noticed an unseen horror
  3915 | D        | Noticed a slime creature
  3915 | D        | Noticed an unseen horror
  3915 | D        | Noticed a slime creature
  3915 | D        | Noticed a slime creature
  3918 | D        | Killed an iron elemental
  3919 | D        | Killed an unseen horror
  3921 | D        | Killed an unseen horror
  3927 | D        | Killed a slime creature
  3930 | D        | Killed a large slime creature
  3944 | D        | Found Mithricie's Book Emporium.
  3944 | D        | Found Ahay's Distillery.
  3944 | D        | Found Ituoxeg's Weapon Shop.
  3944 | D        | Found Fota's Book Shoppe.
  3944 | D        | Found Tucviawi's Armour Boutique.
  3945 | D        | Found Inutuv's Book Shoppe.
  3945 | D        | Found Butianet's Distillery.
  3945 | D        | Found Sownolas's Food Emporium.
  3945 | D        | Found Ywaunoch's Weapon Shop.
  3945 | D        | Found Riuzuggeun's Weapon Emporium.
  3945 | D        | Found Estro's Antique Weapon Shop.
  3945 | D        | Found Gioducir's Distillery.
  3952 | D        | Bought a potion of heal wounds for 60 gold pieces
  3952 | D        | Bought a potion of heal wounds for 60 gold pieces
  3952 | D        | Bought a potion of mutation for 30 gold pieces
  3952 | D        | Gained mutation: You are frail (-10% HP). [potion of mutation]
  3952 | D        | Gained mutation: You are partially covered in slimy green scales (AC +2). [potion of mutation]
  3952 | D        | Gained mutation: You are clumsy. (Dex -2) [potion of mutation]
  3957 | D        | Bought a potion of curing for 36 gold pieces
  3957 | D        | Bought a potion of heal wounds for 60 gold pieces
  3957 | D        | Bought a potion of curing for 36 gold pieces
  3963 | D        | Bought a crude rapier for 171 gold pieces
  3963 | D        | Identified the +4 rapier of Departure {pierce, *Noise MR+ Int+6 Dex+2} (You bought it in a shop in the Dungeon)
  4029 | D        | Noticed a shining eye
  4029 | D        | Noticed a hippogriff
  4029 | D        | Noticed a hippogriff
  4029 | D        | Noticed a shining eye
  4029 | D        | Noticed a shining eye
  4029 | D        | Noticed a great orb of eyes
  4029 | D        | Noticed a hippogriff
  4029 | D        | Noticed a black bear
  4029 | D        | Noticed a hell hog
  4029 | D        | Noticed a black bear
  4029 | D        | Noticed a black bear
  4029 | D        | Noticed a hell hog
  4031 | D        | Killed a hell hog
  4032 | D        | Killed a black bear
  4034 | D        | Killed a hell hog
  4035 | D        | Killed a black bear
  4037 | D        | Killed a black bear
  4045 | D        | Killed a shining eye
  4045 | D        | Reached skill level 23 in Stealth
  4046 | D        | Killed a shining eye
  4069 | D        | Killed a hippogriff
  4074 | D        | Killed a hippogriff
  4088 | D        | Killed a shining eye
  4096 | D        | Killed a hippogriff
  4111 | D        | Killed a great orb of eyes
  4164 | D        | Noticed an earth elemental
  4181 | D        | Killed an earth elemental
  4239 | D        | Learned a level 3 spell: Tukima's Dance
  4243 | D        | Learned a level 1 spell: Apportation
  4245 | D        | Learned a level 1 spell: Summon Butterflies
  4253 | D        | Noticed an electric golem
  4253 | D        | Noticed an iron golem
  4253 | D        | Noticed a toenail golem
  4253 | D        | Noticed an earth elemental
  4263 | D        | Killed an iron golem
  4265 | D        | Killed an earth elemental
  4274 | D        | Slain by an electric golem

Vault maps used:
D:        the_violet_keep_of_menkaure

Action                   |  1- 3 |  4- 6 |  7- 9 | 10-12 | 13-15 || total
-------------------------+-------+-------+-------+-------+-------++-------
Melee: Dagger            |    21 |    22 |    60 |   112 |    38 ||   253
       Rapier            |       |       |       |       |    51 ||    51
 Fire: Blowgun           |       |       |    24 |       |     3 ||    27
       Arbalest          |       |       |     1 |    13 |       ||    14
 Cast: Corona            |       |       |       |     4 |     2 ||     6
       Confuse           |       |       |       |     1 |     2 ||     3
       Ensorcelled Hiber |       |       |       |       |     1 ||     1
Invok: Shadow Step       |       |       |       |     6 |     2 ||     8
 Abil: Evoke Invisibilit |       |       |     8 |     5 |     2 ||    15
       Evoke Flight      |       |       |     1 |     3 |       ||     4
       Stop Flying       |       |       |       |     1 |       ||     1
  Use: Potion            |       |       |     2 |       |     2 ||     4
       Scroll            |       |       |     1 |    11 |       ||    12
 Stab: Sleeping          |     2 |     8 |       |    22 |    19 ||    51
       Distracted        |       |     1 |       |       |     2 ||     3
       Invisible         |       |       |    12 |     7 |     7 ||    26
       Confused          |       |       |       |       |     2 ||     2
  Eat: Royal jelly       |       |       |     1 |       |       ||     1
       Fruit             |       |       |       |     4 |       ||     4
       Pizza             |       |       |       |     1 |     1 ||     2
